 Dungeon Crawl Stone Soup version 0.31-a0-217-g58bb5d79cf (webtiles) character file.

Game seed: 7089287413251857300

128 qw the Shooter (level 4, -3/36 HPs)
             Began as a Minotaur Hexslinger on July 3, 2023.
             Killed from afar by a white imp (10 damage)
             ... with a puff of frost
             ... summoned by Eustachio
             ... on level 6 of the Dungeon.
             The game lasted 00:00:43 (2151 turns).

qw the Shooter (Minotaur Hexslinger)                Turns: 2151, Time: 00:00:44

Health: -3/36      AC:  5    Str: 12    XL:     4   Next: 87%
Magic:  4/4        EV: 11    Int: 10    God:
Gold:   195        SH:  0    Dex: 15    Spells: 4/5 levels left

rFire   . . .        Y - +2 sling
rCold   . . .        (no shield)
rNeg    . . .        h - +0 ring mail
rPois   .            (helmet restricted)
rElec   .            (no cloak)
rCorr   .            (no gloves)
SInv    .            (no boots)
Will    .....        (no amulet)
Stlth   +            (no ring)
HPRegen 0.26/turn    (no ring)
MPRegen 0.09/turn

%: no passive effects
@: no status effects
A: horns 2, retaliatory headbutt
a: no special abilities


You were on level 6 of the Dungeon.
You visited 1 branch of the dungeon, and saw 4 of its levels.

You collected 195 gold pieces.


Innate Abilities, Weirdness & Mutations

You have a pair of horns on your head.
You reflexively headbutt those who attack you in melee.


   Skills:
 + Level 2.0 Fighting
 - Level 5.2 Ranged Weapons
 - Level 1.3 Armour
 - Level 2.1 Dodging
 - Level 1.0 Spellcasting
 - Level 2.0 Hexes


You had 4 spell levels left.
You knew the following spells:

 Your Spells              Type           Power      Damage    Failure   Level
a - Slow                  Hex            16%        N/A       32%         1

Your spell library contained the following spells:

 Spells                   Type           Power      Damage    Failure   Level
 Inner Flame              Hex/Fire       2%         N/A       83%         3
 Portal Projectile        Hex/Tloc       4%         N/A       83%         3
 Cause Fear               Hex            2%         N/A       97%         4

Inventory:

Hand Weapons
 Y - a +2 sling (weapon)
Armour
 h - a +0 ring mail (worn)
Jewellery
 b - a ring of ice
Scrolls
 a - a scroll of identify
Potions
 c - 2 potions of degeneration {unknown}
 d - a potion of heal wounds {unknown}
 e - a potion of berserk rage {unknown}
 f - a potion of curing {unknown}
 g - a potion of mutation {unknown}

Dungeon Overview and Level Annotations

Branches:
Dungeon (6/15)
 Temple: D:4-7

Altars:
Yredelemnul

Annotations:
D:6 Eustachio


Message History

The white imp picks up a beetle and eats it.
Eustachio hits you but does no damage.
You shoot a sling bullet. The sling bullet hits Eustachio.
Eustachio is moderately wounded.
The white imp hits you. The white imp freezes you.
Eustachio casts a spell.
Eustachio blinks!
You shoot a sling bullet.
The sling bullet closely misses the white imp.
The white imp misses you. x2; You furiously retaliate!
You headbutt the white imp!
Eustachio casts a spell.
The white imp gestures at you. The puff of frost hits you.
The white imp gestures at you. The puff of frost misses you.
You shoot a sling bullet.
The sling bullet hits the white imp but does no damage.
The white imp is severely wounded.
The white imp gestures at you. The puff of frost hits you!
The white imp closely misses you.
Eustachio casts a spell.
Eustachio blinks!
You shoot a sling bullet. The sling bullet hits the white imp.
You kill the white imp!
The white imp disappears in a puff of smoke!
The white imp hits you but does no damage.
Eustachio mumbles some strange words.
You shoot a sling bullet. The sling bullet hits Eustachio!
Eustachio is moderately wounded.
The white imp hits you but does no damage.
Eustachio misses you.
You shoot a sling bullet. The sling bullet hits Eustachio.
Eustachio is heavily wounded.
The white imp completely misses you. You furiously retaliate!
You headbutt the white imp!
The quokka bites you but does no damage.
Eustachio closely misses you. You furiously retaliate!
You headbutt Eustachio! The white imp gestures at you.
The puff of frost hits you!
You die...

#..>.....#
........###........#
........##.........#
........##.........#
........##.........#
........##.........#
.....rr.##.........#
$...$r5.##.........#####
#@@r...............
######.############
#.......... #.##.###.##
... .# ... .# #..# .#
#.. ## #.


You could see Eustachio, 2 river rats, a white imp (summoned), a quokka
(summoned) and a rat (summoned).

Vanquished Creatures
  A sleepcap (D:6)
  5 adders
  2 orcs (D:3)
  8 ball pythons
  3 endoplasms
  A giant cockroach (D:3)
  3 hobgoblins
  3 jackals (D:2)
  6 kobolds
  A quokka (D:1)
  6 bats
  2 frilled lizards (D:2)
  9 goblins
  5 rats
55 creatures vanquished.

Notes
Turn   | Place    | Note
-------+----------+-------------------------------------------
     0 | D:1      | qw the Minotaur Hexslinger began the quest for the Orb.
     0 | D:1      | Reached XP level 1. HP: 16/16 MP: 1/1
     0 | D:1      | 0 ||| qw: Version: 0.3-a-40-ge99b1a8
     0 | D:1      | 0 ||| qw: Game counter: 296
     0 | D:1      | 0 ||| qw: Melee chars always use a shield: true
     0 | D:1      | 0 ||| qw: God list: Okawaru
     0 | D:1      | 0 ||| qw: Allow faded altars: false
     0 | D:1      | 0 ||| qw: Do Orc after clearing Dungeon:15 true
     0 | D:1      | 0 ||| qw: Do second Lair branch before Depths: true
     0 | D:1      | 0 ||| qw: Lair rune preference: random
     0 | D:1      | 0 ||| qw: Goals: Normal
     0 | D:1      | 0 ||| PLANNING D:1-11
   304 | D:1      | Reached skill level 3 in Ranged Weapons
   322 | D:1      | Reached XP level 2. HP: 23/23 MP: 2/2
   410 | D:1      | Found a faded altar of an unknown god.
   919 | D:1      | 919 ||| UPGRADING to +0 ring mail.
   929 | D:1      | 929 ||| DROPPING +0 robe.
   930 | D:1      | 930 ||| READING 3 scrolls labelled ONLUBAIRIO.
   931 | D:1      | 931 ||| READING 2 scrolls labelled BIAMYU RASCHIS.
   932 | D:1      | 932 ||| READING scroll labelled LUSYRE RYMI.
   933 | D:1      | 933 ||| READING scroll labelled WIUHINE FOROO.
   934 | D:1      | 934 ||| DROPPING 2 scrolls of fear.
   935 | D:1      | 935 ||| DROPPING scroll of poison.
   936 | D:1      | 936 ||| DROPPING scroll of noise.
  1079 | D:2      | Reached XP level 3. HP: 29/29 MP: 3/3
  1184 | D:2      | Reached skill level 4 in Ranged Weapons
  1240 | D:2      | Reached skill level 1 in Armour
  1422 | D:2      | Reached XP level 4. HP: 36/36 MP: 4/4
  1724 | D:2      | 1724 ||| DRINKING 2 pink potions.
  1725 | D:2      | 1725 ||| DROPPING potion of brilliance.
  1792 | D:3      | Found a basalt altar of Yredelemnul.
  2045 | D:3      | You fall into a shaft and drop 3 floors!
  2064 | D:6      | Reached skill level 5 in Ranged Weapons
  2133 | D:6      | Noticed Eustachio
  2148 | D:6      | HP: 6/36 [white imp/puff of frost[Eustachio] (7)]
  2151 | D:6      | Killed from afar by a white imp

Levels and vault maps discovered:
D:1:      mushboom_english_gardens, layout_basic, ebering_ecumenical_altar_box,
          minivault_11, patterned_corridor
D:2:      layout_basic, minmay_crystal_room, minmay_split_cup_large
D:3:      layout_basic, yredelemnul_altar_generic, zin_academy,
          kennysheep_path_1, moated_statue, chequers_serial_rivers_micro_e,
          minmay_circle_x, uniq_ijyb
D:6:      minmay_octagon_keep, layout_basic, amcnicky_altar_gilded,
          nemelex_spade_bored_becter, gammafunk_ghost_gnarly_gnolls,
          minmay_fractal_squares_5, uniq_sigmund, uniq_eustachio

Skill      XL: |  1  2  3  4 |
---------------+-------------+-----
Ranged Weapons | 3 4 5 |  5.2
Fighting       | 2 |  2.0
Armour         | 1 |  1.3
Dodging        | |  2.1
Spellcasting   | |  1.0
Hexes          | |  2.0

Action                     |  1- 3 |  4- 6 || total
---------------------------+-------+-------++-------
   Fire: Sling             |    91 |    75 ||   166
    Use: Scroll            |     4 |       ||     4
         Potion            |       |     1 ||     1
 Armour: Robe              |     3 |       ||     3
         Ring mail         |    12 |    20 ||    32
  Dodge: Dodged            |    28 |    31 ||    59

Table legend:
 A = Non-vault XP
 B = Vault XP
 C = Vault XP percentage of total XP
 D = Non-vault monster count
 E = Vault monster count
 F = Vault count percentage of total count
                 A         B        C        D         E       F
            +---------+---------+-------+---------+---------+-------
      Total |     175 |       9 |   4.9 |      48 |       7 |  12.7
            +---------+---------+-------+---------+---------+-------
        D:1 |      32 |       0 |   0.0 |      20 |       0 |   0.0
        D:2 |      69 |       5 |   6.8 |      21 |       4 |  16.0
        D:3 |      35 |       4 |  10.3 |       6 |       3 |  33.3
        D:6 |      39 |       0 |   0.0 |       1 |       0 |   0.0
            +---------+---------+-------+---------+---------+-------
